 Dungeon Crawl Stone Soup version 0.28.0 (webtiles) character file.

Game seed: 5555640176997442119

387 reversiblehash the Covered (level 6, -4/56 HPs)
             Began as a Minotaur Fighter on Feb 15, 2022.
             Was an Initiate of Gozag.
             Slain by a two-headed ogre (16 damage)
             ... on level 4 of the Dungeon.
             The game lasted 00:07:53 (3819 turns).

reversiblehash the Covered (Minotaur Fighter)       Turns: 3819, Time: 00:07:53

Health: -4/56      AC:  7    Str: 22    XL:     6   Next: 49%
Magic:  5/5        EV:  9    Int: 11    God:    Gozag
Gold:   266        SH:  4    Dex: 10    Spells: 5/5 levels left

rFire   . . .      SeeInvis .   r - +2 short sword (venom)
rCold   . . .      Faith    .   c - +0 buckler
rNeg    . . .      Spirit   .   b - +0 scale mail
rPois   .          Reflect  .   (helmet restricted)
rElec   .          Harm     .   (no cloak)
rCorr   .          Rampage  .   (no gloves)
Will    .....                   (no boots)
Stlth   ..........              (no amulet)
HPRegen 0.18/turn               f - +6 ring of intelligence
MPRegen 0.09/turn               l - ring of wizardry

@: no status effects
A: horns 2, retaliatory headbutt
a: Renounce Religion, Potion Petition, Call Merchant, Bribe Branch


You were on level 4 of the Dungeon.
You worshipped Gozag.
Gozag was aware of your devotion.
You visited 1 branch of the dungeon, and saw 4 of its levels.

You collected 377 gold pieces.
You spent 81 gold pieces at shops.
You paid 30 gold pieces to Gozag.

Inventory:

Hand Weapons
 a - a +0 war axe
 r - a +2 short sword of venom (weapon)
Missiles
 y - 2 poisoned darts (quivered)
Armour
 b - a +0 scale mail (worn)
 c - a +0 buckler (worn)
Jewellery
 f - a +6 ring of intelligence (left hand)
 l - a ring of wizardry (right hand)
 p - a ring of poison resistance
 s - an amulet of the acrobat
Scrolls
 g - a scroll of enchant armour {unknown}
 k - 2 scrolls of vulnerability
 m - 3 scrolls of blinking
 o - a scroll of noise {unknown}
 q - a scroll of fear {unknown}
 u - a scroll of fog {unknown}
 v - a scroll of identify {unknown}
Potions
 d - 2 potions of might
 e - a potion of berserk rage {unknown}
 h - 2 potions of heal wounds {unknown}
 i - 2 potions of cancellation {unknown}
 j - a potion of brilliance {unknown}
 n - a potion of curing {unknown}
 t - 2 potions of mutation {unknown}
 w - a potion of haste {unknown}
 x - a potion of lignification {unknown}


   Skills:
 + Level 5.4 Fighting
 - Level 3.7 Axes
 + Level 6.4 Armour
 - Level 0.4 Dodging
 + Level 4.8 Shields


You had 5 spell levels left.
You didn't know any spells.
Your spell library contained the following spells:

 Spells                   Type           Power      Damage    Failure   Level
 Sandblast                Erth           0%         2d4       38%         1
 Summon Small Mammal      Summ           0%         N/A       38%         1
 Passwall                 Tmut/Erth      0%         N/A       52%         2
 Call Canine Familiar     Summ           0%         N/A       75%         3
 Stone Arrow              Conj/Erth      0%         3d7       75%         3
 Summon Guardian Golem    Hex/Summ       0%         N/A       75%         3


Dungeon Overview and Level Annotations

Branches:
Dungeon (4/15)
 Temple: D:4-7

Altars:
Gozag
Makhleb
Ru
Vehumet

Shops:
D:3 :*[


Innate Abilities, Weirdness & Mutations

You have a pair of horns on your head.
You reflexively headbutt those who attack you in melee.


Message History

The magic dart hits you!
* * * LOW HITPOINT WARNING * * *
The crimson imp hits you but does no damage.
You hit Natasha but do no damage.
Natasha is poisoned.
Natasha is moderately wounded.
Natasha zaps a wand.
The puff of flame misses you. The crimson imp hits you.
* * * LOW HITPOINT WARNING * * *
Natasha zaps a wand.
The puff of flame hits you.
* * * LOW HITPOINT WARNING * * *
You hit Natasha.
Natasha looks as sick as possible!
You headbutt Natasha.
Natasha is severely wounded.
The crimson imp hits you but does no damage.
Natasha claws you.
* * * LOW HITPOINT WARNING * * *
You hit Natasha.
Natasha looks as sick as possible!
Your headbutt misses Natasha.
Natasha is almost dead.
You kill Natasha!
Natasha screams in pain as she dies!
The crimson imp disappears in a puff of smoke!
You now have 238 gold pieces (gained 8).
You now have 257 gold pieces (gained 19).
You see here a +0 giant club.
You start resting.
You start resting.
HP restored.
You open the door.
There is an open door here.
You now have 266 gold pieces (gained 9).
A two-headed ogre comes into view. It is wielding two +0 giant clubs.
You hit the two-headed ogre but do no damage.
The two-headed ogre hits you with a +0 giant club!!
Ouch! That really hurt!
The two-headed ogre hits you with a +0 giant club!
* * * LOW HITPOINT WARNING * * *
You hit the two-headed ogre.
The two-headed ogre is poisoned.
The two-headed ogre is lightly wounded.
The two-headed ogre hits you with a +0 giant club!
You die...
Your body crumbles into a pile of gold.

#######.#####.#
#.............#
#.#####.......#
#.# #######.#
#.# #.# #.#
#.########
#.@O......
#.######## ###


You could see a two-headed ogre (very poisoned).

Vanquished Creatures
  2 ogres (D:4)
  A crimson imp (D:3)
  A hound (D:4)
  An orc priest (D:3)
  Natasha (D:4)
  2 adders (D:2)
  2 worms
  4 dart slugs
  4 orcs (D:3)
  7 endoplasms
  5 giant cockroaches
  4 goblins
  7 hobgoblins
  2 jackals (D:1)
  6 kobolds
  8 quokkas
  7 ball pythons
  6 bats
  2 frilled lizards (D:2)
  5 rats
77 creatures vanquished.

Notes
Turn   | Place    | Note
-------+----------+-------------------------------------------
     0 | D:1      | reversiblehash the Minotaur Fighter began the quest for the
                  | Orb.
     0 | D:1      | Reached XP level 1. HP: 19/19 MP: 0/0
    67 | D:1      | Reached XP level 2. HP: 23/27 MP: 1/1
   168 | D:1      | Reached skill level 4 in Armour
   646 | D:1      | Reached XP level 3. HP: 30/33 MP: 2/2
   866 | D:2      | Found a faded altar of an unknown god.
  1301 | D:2      | Reached XP level 4. HP: 40/40 MP: 3/3
  1743 | D:3      | Found a sacrificial altar of Ru.
  1774 | D:3      | Found Ocasm's Book Emporium.
  1839 | D:3      | Found Kuh Dyot's Antique Armour Emporium.
  1865 | D:3      | Found an opulent altar of Gozag.
  1877 | D:3      | Became a worshipper of Gozag Ym Sagoz the Greedy
  2044 | D:3      | Found a radiant altar of Vehumet.
  2044 | D:3      | Found a burning altar of Makhleb.
  2115 | D:3      | Reached XP level 5. HP: 26/47 MP: 4/4
  2125 | D:3      | Reached skill level 5 in Armour
  2401 | D:3      | Found Ogast's Assorted Antiques.
  2881 | D:3      | Bought a scroll labelled VETA UTZIT for 28 gold pieces
  2881 | D:3      | Bought a scroll labelled CUYPPIFE LUETHREKU for 28 gold
                  | pieces
  2881 | D:3      | Bought a glowing puce potion for 25 gold pieces
  3130 | D:4      | Noticed an ogre
  3139 | D:4      | Killed an ogre
  3140 | D:4      | Reached skill level 5 in Fighting
  3431 | D:4      | Reached XP level 6. HP: 51/56 MP: 5/5
  3500 | D:4      | Noticed Natasha
  3504 | D:4      | Reached skill level 6 in Armour
  3510 | D:4      | Killed Natasha
  3816 | D:4      | Noticed a two-headed ogre
  3819 | D:4      | Slain by a two-headed ogre

Illustrated notes

Levels and vault maps discovered:
D:1:      heliophobic_arrival_glass_houses, layout_basic
D:2:      layout_basic, shapermc_ecumenical_altar_starsandcircs,
          minmay_tetromino_s4
D:3:      layout_loops_ring, lemuel_coloured_pillars_altar,
          grunt_temple_overflow_lords_of_destruction,
          mainiacjoe_overflow_cross_hatched, serial_shops,
          nicolae_shop_advertising_works [nicolae_subvault_shop_adworks], shop,
          shop_statue, hex_large, corexii_item_surrounded_by_moat
D:4:      layout_basic, uniq_natasha, uniq_grinder

Skill      XL: |  1  2  3  4  5  6 |
---------------+-------------------+-----
Armour         | 4 5 6 |  6.4
Shields        | 4 |  4.8
Fighting       | 4 5 |  5.4
Axes           | 3 |  3.7
Dodging        | |  0.4

Action                   |  1- 3 |  4- 6 || total
-------------------------+-------+-------++-------
Melee: War axe           |    93 |     7 ||   100
       Headbutt          |    15 |    12 ||    27
       Short sword       |       |    85 ||    85
  Use: Scroll            |       |     2 ||     2
 Stab: Distracted        |       |     1 ||     1
Armor: Scale mail        |    52 |    36 ||    88
Dodge: Dodged            |    45 |    30 ||    75
Block: Buckler           |    28 |    10 ||    38
